 Dungeon Crawl Stone Soup version 0.26-a0-664-gc8b27b8fc1 (webtiles) character file.

Game seed: 4539961838395648926

146446 Decritt the Severer (level 16, 0/232 HPs)
             Began as a Minotaur Berserker on Oct 13, 2020.
             Was a High Priest of Trog.
             Slain by an alligator snapping turtle (7 damage)
             ... on level 4 of the Shoals.
             The game lasted 01:42:17 (41254 turns).

Decritt the Severer (Minotaur Berserker)           Turns: 41254, Time: 01:42:17

Health: 0/232      AC: 21    Str: 35    XL:     16   Next: 89%
Magic:  15/15      EV: 20    Int:  4    God:    Trog [*****.]
Gold:   2102       SH: 20    Dex: 15    Spells: 15/15 levels left

rFire    . . .     SeeInvis .   T - +6 hand axe of Sucemur {vorpal, Str+3}
rCold    + . .     Faith    .   P - +0 kite shield
rNeg     . . .     Spirit   .   e - +1 ice dragon scales
rPois    .         Reflect  +   (helmet restricted)
rElec    .         Harm     .   G - +0 cloak
rCorr    .         Rampage  +   S - +0 pair of gloves "Soreunk" {Rampage}
MR       +++++                  D - +0 pair of boots
Stlth    ..........             C - amulet of reflection
HPRegen  1.48/turn              f - ring of protection from magic
MPRegen  0.14/turn              i - ring of Broken Luck {rF+ rC- MR+ Str+6 Dex+2}

@: berserking (expiring), regenerating, very quick
A: retaliatory headbutt, horns 2
a: Berserk, Trog's Hand, Brothers in Arms, Renounce Religion


You were on level 4 of the Shoals.
You worshipped Trog.
Trog was extremely pleased with you.
You visited 5 branches of the dungeon, and saw 28 of its levels.
You also visited: Sewer.

You collected 3141 gold pieces.
You spent 1039 gold pieces at shops.

Inventory:

Hand Weapons
 y - a +3 demon whip of flaming
 T - the +6 hand axe of Sucemur (weapon) {vorpal, Str+3}
   (You bought it in a shop on level 2 of the Orcish Mines)

   It inflicts extra damage upon your enemies.
   It affects your strength (+3).
Missiles
 s - 21 large rocks
 v - 6 silver javelins (quivered)
Armour
 e - +1 ice dragon scales (worn)
 D - a +0 pair of boots (worn)
 G - a +0 cloak (worn)
 P - a +0 kite shield (worn)
 S - the +0 pair of gloves "Soreunk" (worn) {Rampage}
   (You bought it in a shop on level 2 of the Orcish Mines)

   It bestows one free step when moving towards enemies.
Jewellery
 f - a ring of protection from magic (left hand)
 i - the ring of Broken Luck (right hand) {rF+ rC- MR+ Str+6 Dex+2}
   (You acquired it on level 1 of the Shoals)

   [ring of strength]

   It affects your strength (+6).
   It affects your dexterity (+2).
   It protects you from fire.
   It makes you vulnerable to cold.
   It affects your resistance to hostile enchantments.
 l - an uncursed ring of positive energy
 m - an uncursed ring of fire
 x - a +4 ring of evasion
 z - an uncursed ring of protection from cold
 B - an uncursed ring of protection from fire
 C - an amulet of reflection (around neck)
 I - an uncursed ring of see invisible
Wands
 u - a wand of digging (11)
Scrolls
 a - a scroll of silence
 d - 13 scrolls of remove curse
 g - 5 scrolls of fear
 j - 10 scrolls of teleportation
 k - 6 scrolls of magic mapping
 r - a scroll of identify
 A - 5 scrolls of enchant weapon
 H - 4 scrolls of blinking
 J - a scroll of enchant armour
 L - 2 scrolls of immolation
 Q - a scroll of brand weapon
Potions
 b - 3 potions of cancellation
 c - 6 potions of haste
 h - a potion of resistance
 n - 8 potions of might
 o - a potion of berserk rage
 p - 8 potions of flight
 q - 5 potions of curing
 t - a potion of magic
 w - 4 potions of heal wounds
 E - 3 potions of ambrosia
 F - a potion of mutation
Miscellaneous
 O - a phial of floods


   Skills:
 + Level 17.3 Fighting
 + Level 17.4 Axes
 * Level 15.3 Armour
 * Level 14.3 Dodging
 * Level 15.1 Shields


You had 15 spell levels left.
You didn't know any spells.
Your spell library was empty.

Dungeon Overview and Level Annotations

Branches:
Dungeon (15/15)            Temple (1/1) D:4            Lair (6/6) D:11
 Shoals (4/4) Lair:2        Snake (0/4) Lair:2        Slime (0/5) Lair:5
    Orc (2/2) D:10            Elf (0/3) Orc:2        Vaults (0/5) D:14
 Depths (0/5) D:15          Sewer (visited)

Altars:
Cheibriados
Dithmenos
Elyvilon
Fedhas
Kikubaaqudgha
Nemelex Xobeh
Qazlal
Trog
Uskayaw
Vehumet
Wu Jian
Xom
Zin
Beogh

Shops:
D:4 !   D:10 (*   Orc:2 :([*   Shoals:1 *

Portals:
Trove: D:13 (give +7 demon whip)

Annotations:
D:6 2 transporters, exclusion: statue
D:14 3 runed translucent doors, 1 exclusion, Nireet's ghost, journeyman TeAE


Innate Abilities, Weirdness & Mutations

You reflexively headbutt those who attack you in melee.
You have a pair of horns on your head.


Message History

You headbutt the alligator snapping turtle.
The alligator snapping turtle is heavily wounded.
You hit the alligator snapping turtle.
You headbutt the alligator snapping turtle, but do no damage.
The alligator snapping turtle is heavily wounded.
You hit the alligator snapping turtle.
You headbutt the alligator snapping turtle.
The alligator snapping turtle is heavily wounded.
The alligator snapping turtle bites you but does no damage.
You hit the alligator snapping turtle but do no damage.
You headbutt the alligator snapping turtle, but do no damage.
The alligator snapping turtle is heavily wounded.
You slash the alligator snapping turtle!
You headbutt the alligator snapping turtle!
The alligator snapping turtle is severely wounded.
You hit the alligator snapping turtle but do no damage.
You headbutt the alligator snapping turtle, but do no damage.
The alligator snapping turtle is severely wounded.
The alligator snapping turtle bites you!
You die...

≈≈≈≈≈≈≈≈≈≈≈≈≈≈≈≈≈≈
≈≈≈≈≈≈≈≈≈≈≈≈≈≈≈≈≈≈
≈.≈≈≈≈≈≈≈≈≈......≈
≈≈.≈..≈≈≈^........
≈≈≈...............
≈≈≈....<.......(.
≈≈...........#####
≈..≈[.....†)##...##
............#t@...#
..≈≈........'..).(#
...≈........#.....#
...#####....##..(##
..# ##....#####
#..... +...PPP
#..#### #.#


You could see an alligator snapping turtle.

Vanquished Creatures
  Rupert (D:14)
  4 krakens
  Polyphemus (Shoals:3)
  Frances (Shoals:1)
  The ghost of feta the Bludgeoner, an adept TeAE of Vehumet (Shoals:3)
  An orc warlord (Orc:2)
  The ghost of emiel the Grappler, a journeyman TrDe of Cheibriados (Orc:2)
  An ironheart preserver (D:14)
  2 merfolk javelineers
  Snorg (D:10)
  An ettin (Orc:1)
  A fire dragon (Lair:6)
  4 merfolk impalers
  Erolcha (D:9)
  5 boulder beetles
  8 hydras
  An ice dragon (Lair:5)
  2 merfolk aquamancers
  4 centaur warriors
  4 catoblepae
  A death knight (D:13)
  3 two-headed ogres
  2 merfolk avatars
  10 death yaks
  2 tengu warriors (D:11)
  An orc high priest (Orc:2)
  Urug (Orc:2)
  Sonja (D:11)
  7 skeletal warriors (D:15)
  4 sea snakes
  A swamp dragon (Lair:6)
  2 wizards (D:15)
  2 necromancers
  16 harpies
  5 orc knights
  4 ugly things
  7 orc sorcerers
  A wolf spider zombie (D:14)
  A deep elf mage (D:15)
  13 fauns
  9 manticores
  5 cyclopes
  4 merfolk sirens
  5 elephants (Lair:6)
  Maurice (D:8)
  5 water nymphs
  A naga mage (D:15)
  2 torpor snails (Lair:5)
  4 gargoyles
  A kobold demonologist (D:14)
  17 cane toads
  7 rime drakes
  11 komodo dragons
  6 centaur skeletons
  A hornet (D:9)
  21 merfolk
  A polar bear (Lair:5)
  4 trolls
  A harpy skeleton (D:15)
  8 wind drakes
  3 slime creatures (D:12)
  8 snapping turtles
  A meliai zombie (D:15)
  15 blink frogs
  2 vampires (D:13)
  9 water elementals
  3 wraiths
  10 wyverns
  5 basilisks
  63 yaks
  A fire elemental (D:13)
  Eustachio (D:5)
  2 steam dragons
  4 vampire mosquitoes (D:14)
  2 wargs
  7 water moccasins
  2 acid dragons (Lair:6)
  A meliai simulacrum (D:15)
  23 orc warriors
  4 sky beasts
  An ice beast (D:9)
  8 necrophages
  An eye of draining (D:13)
  4 phantoms
  26 wolves
  8 ogres
  14 centaurs
  20 bullfrogs
  2 big kobolds
  A wyvern zombie (D:6)
  A water moccasin zombie (D:11)
  3 scorpions
  8 wights
  27 killer bees
  An electric eel (Lair:6)
  3 howler monkeys
  A lava snake (Lair:6)
  3 bullfrog zombies
  2 centaur zombies
  20 jellies
  31 orc wizards
  9 hounds
  14 orc priests
  4 bullfrog skeletons
  9 iguanas
  7 worker ants
  A yak simulacrum (Lair:6)
  7 hell rats (Lair:2)
  3 polar bear simulacra (Lair:6)
  A killer bee zombie (D:7)
  3 wolf simulacra (Lair:6)
  2 hound zombies
  2 hound skeletons
  2 worker ant zombies
  3 gnolls
  19 adders
  A howler monkey skeleton (D:4)
  2 river rats (Sewer)
  6 white imps
  4 ufetubi
  3 oozes
  An adder zombie (D:7)
  An adder skeleton (D:7)
  2 worms
  2 dart slugs
  3 leopard geckos
  64 orcs
  7 ball pythons
  6 bats
  A giant cockroach (D:1)
  8 goblins
  7 hobgoblins
  2 jackals (D:2)
  18 kobolds
  3 quokkas
  5 frilled lizards
  A jackal skeleton (D:3)
  11 rats
  4 river rat simulacra (Lair:6)
  A fire vortex (Lair:6)
  12 tentacles
855 creatures vanquished.

Vanquished Creatures (collateral kills)
  A sea snake (Shoals:1)
1 creature vanquished.

Vanquished Creatures (others)
  A water elemental (Shoals:1)
  An orc wizard (Orc:2)
  24 fungi
  96 plants
  16 tentacles
  A withered plant (Orc:2)
139 creatures vanquished.

Grand Total: 995 creatures vanquished

Notes
Turn   | Place    | Note
-------+----------+-------------------------------------------
     0 | D:1      | Decritt the Minotaur Berserker began the quest for the Orb.
     0 | D:1      | Reached XP level 1. HP: 19/19 MP: 0/0
    86 | D:1      | Reached XP level 2. HP: 15/27 MP: 1/1
   681 | D:1      | Reached XP level 3. HP: 33/33 MP: 2/2
   836 | D:2      | Found a white marble altar of Elyvilon.
  1771 | D:2      | Reached ** piety under Trog
  1777 | D:2      | Reached XP level 4. HP: 15/41 MP: 3/3
  2099 | D:2      | Reached skill level 1 in Shields
  2467 | D:2      | Found a shadowy altar of Dithmenos.
  2468 | D:2      | Found a stormy altar of Qazlal.
  2713 | D:3      | Reached XP level 5. HP: 27/47 MP: 4/4
  2947 | D:3      | Reached skill level 5 in Axes
  2948 | D:3      | Reached skill level 5 in Fighting
  2952 | D:3      | Reached XP level 6. HP: 26/56 MP: 5/5
  3524 | D:3      | Found a snail-covered altar of Cheibriados.
  3735 | D:4      | Found a staircase to the Ecumenical Temple.
  3807 | Temple   | Entered the Ecumenical Temple
  3961 | D:4      | Found Ebloistri's Distillery.
  4039 | D:4      | Found a glowing drain.
  4056 | Sewer    | Entered a sewer
  4209 | Sewer    | Reached *** piety under Trog
  4209 | Sewer    | Reached XP level 7. HP: 62/62 MP: 6/6
  4697 | D:4      | You fall into a shaft and drop 3 floors!
  5020 | D:7      | Reached skill level 5 in Armour
  5020 | D:7      | Reached XP level 8. HP: 61/70 MP: 7/7
  5112 | D:6      | Found a shimmering altar of Xom.
  5112 | D:6      | Noticed a cyclops
  5113 | D:6      | Found a sparkling altar of Nemelex Xobeh.
  5114 | D:6      | Noticed a two-headed ogre
  5115 | D:6      | Found a hide-covered altar of Uskayaw.
  5115 | D:6      | Noticed a freezing wraith
  5119 | D:6      | Found a transporter.
  5125 | D:6      | Found a transporter.
  5178 | D:6      | Found a radiant altar of Vehumet.
  5529 | D:5      | Entered Level 5 of the Dungeon
  5608 | D:5      | Found an ornate altar of the Wu Jian Council.
  5731 | D:5      | Reached **** piety under Trog
  5919 | D:5      | Noticed Eustachio
  5945 | D:5      | Killed Eustachio
  5945 | D:5      | Reached skill level 5 in Dodging
  6022 | D:5      | Found a glowing silver altar of Zin.
  6810 | D:6      | Found an ancient bone altar of Kikubaaqudgha.
  6812 | D:6      | Found a blossoming altar of Fedhas.
  7179 | D:7      | Reached XP level 9. HP: 81/81 MP: 8/8
  7436 | D:8      | Noticed Maurice
  7471 | D:8      | Killed Maurice
  7471 | D:8      | Reached skill level 5 in Shields
  8645 | D:9      | Noticed a two-headed ogre
  8657 | D:9      | Killed a two-headed ogre
  8742 | D:9      | Got a scorched morningstar
  8742 | D:9      | Identified the +8 morningstar "Escha" {vorpal, rElec Int+3}
                  | (You found it on level 9 of the Dungeon)
  9198 | D:9      | Paralysed by a hornet for 1 turns
  9202 | D:9      | Reached XP level 10. HP: 70/92 MP: 9/9
  9418 | D:9      | Reached skill level 10 in Fighting
  9418 | D:9      | Reached skill level 10 in Axes
  9456 | D:9      | Noticed Erolcha
  9463 | D:9      | Killed Erolcha
 10541 | D:10     | Entered Level 10 of the Dungeon
 10577 | D:10     | Found a staircase to the Orcish Mines.
 10583 | D:10     | Reached ***** piety under Trog
 10902 | D:10     | Found Mauvvodi's Weapon Boutique.
 11425 | D:10     | Found Gienopy's Demolitions Depot.
 11441 | D:10     | Noticed Snorg
 11454 | D:10     | Killed Snorg
 11454 | D:10     | Reached XP level 11. HP: 58/101 MP: 10/10
 11735 | D:11     | Noticed a tengu warrior
 11747 | D:11     | Noticed a tengu warrior
 11754 | D:11     | Killed a tengu warrior
 11755 | D:11     | Received a gift from Trog
 11764 | D:11     | Killed a tengu warrior
 11969 | D:11     | Noticed Sonja
 11989 | D:11     | Killed Sonja
 12151 | D:11     | Noticed a brown ugly thing
 12154 | D:11     | Noticed a six-headed hydra
 12157 | D:11     | Killed a brown ugly thing
 12495 | D:11     | Noticed a death yak
 12495 | D:11     | Noticed a death yak
 12534 | D:11     | Killed a death yak
 12626 | D:11     | Noticed a death yak
 12634 | D:11     | Killed a six-headed hydra
 12639 | D:11     | Killed a death yak
 12664 | D:10     | Killed a death yak
 13343 | D:11     | Reached XP level 12. HP: 113/113 MP: 11/11
 13370 | D:11     | Found a staircase to the Lair.
 13766 | D:12     | Reached skill level 10 in Armour
 14334 | D:12     | Noticed a boulder beetle
 14350 | D:12     | Killed a boulder beetle
 14641 | D:12     | Reached skill level 10 in Shields
 14693 | D:12     | Noticed a boulder beetle
 14705 | D:12     | Killed a boulder beetle
 15064 | D:12     | Reached skill level 10 in Dodging
 15280 | Orc:1    | Entered Level 1 of the Orcish Mines
 15292 | Orc:1    | Noticed a two-headed ogre
 15297 | Orc:1    | Killed a two-headed ogre
 15375 | Orc:1    | Noticed an ettin
 15385 | Orc:1    | Killed an ettin
 16469 | Orc:2    | Entered Level 2 of the Orcish Mines
 16550 | Orc:2    | Noticed an orc warlord
 16584 | Orc:2    | Killed an orc warlord
 16584 | Orc:2    | Reached XP level 13. HP: 62/119 MP: 12/12
 17189 | Orc:2    | Noticed Urug
 17190 | Orc:2    | Found a roughly hewn altar of Beogh.
 18148 | Orc:2    | Killed Urug
 19165 | Orc:2    | Found a bloodstained altar of Trog.
 19223 | Orc:2    | Found Zizxout's Book Emporium.
 19639 | Orc:2    | Found Teme Xol's Antique Weapon Emporium.
 19670 | Orc:2    | Found Xybotuv's Antique Armour Emporium.
 19677 | Orc:2    | Bought a faintly humming ring mail for 180 gold pieces
 19679 | Orc:2    | Bought a pair of warped gloves for 190 gold pieces
 19684 | Orc:2    | Identified the +0 pair of gloves "Soreunk" {Rampage} (You
                  | bought it in a shop on level 2 of the Orcish Mines)
 19694 | Orc:2    | Identified the cursed +1 ring mail of Cuohe {Dex+3} (You
                  | bought it in a shop on level 2 of the Orcish Mines)
 19733 | Orc:2    | Found a runed translucent door.
 19733 | Orc:2    | Noticed emiel's ghost (journeyman TrDe)
 19835 | Orc:2    | Killed emiel's ghost
 19911 | Orc:2    | Found a staircase to the Elven Halls.
 20082 | Orc:2    | Found Diufor's General Store.
 20088 | Orc:2    | Bought the +6 hand axe of Sucemur {vorpal, Str+3} for 669
                  | gold pieces
 20245 | Lair:1   | Entered Level 1 of the Lair of Beasts
 20439 | Lair:1   | Got a spiked plate armour
 20449 | Lair:1   | Identified the +6 plate armour of the Evening {-Tele rC-
                  | rN+ Int+4} (You found it on level 1 of the Lair of Beasts)
 20778 | Lair:1   | You fall into a shaft and drop 1 floor!
 21162 | Lair:2   | Found a staircase to the Shoals.
 21656 | Lair:2   | Found a staircase to the Snake Pit.
 22104 | Lair:3   | Found a bloodstained altar of Trog.
 23105 | Lair:4   | Reached XP level 14. HP: 126/129 MP: 13/13
 24856 | Lair:5   | Received a gift from Trog
 26338 | Lair:5   | Found a staircase to the Slime Pits.
 27348 | Lair:6   | Entered Level 6 of the Lair of Beasts
 27368 | Lair:6   | Reached ****** piety under Trog
 27844 | Lair:6   | Received a gift from Trog
 27919 | Lair:6   | Reached skill level 15 in Axes
 28223 | Lair:6   | Reached skill level 15 in Fighting
 28963 | Lair:6   | Found the +10 zealot's sword {holy, *Rage rN+ EV+3}
 29556 | Lair:6   | Reached XP level 15. HP: 130/141 MP: 14/14
 30919 | D:13     | Received a gift from Trog
 30993 | D:13     | Found a portal to a secret trove of treasure.
 31892 | D:14     | Found a runed translucent gate.
 31893 | D:14     | Found a runed translucent gate.
 31894 | D:14     | Found a runed translucent gate.
 31895 | D:14     | Noticed Nireet's ghost (journeyman TeAE)
 32055 | D:14     | Noticed Rupert
 32080 | D:14     | Killed Rupert
 32419 | D:14     | Found a gate to the Vaults.
 33233 | D:15     | Entered Level 15 of the Dungeon
 33369 | D:15     | Found a staircase to the Depths.
 34395 | Shoals:1 | Entered Level 1 of the Shoals
 34416 | Shoals:1 | Noticed Frances
 34442 | Shoals:1 | Killed Frances
 34853 | Shoals:1 | Identified a scroll of acquirement
 34853 | Shoals:1 | Acquired the ring of Broken Luck {rF+ rC- MR+ Str+6 Dex+2}
 35979 | Shoals:1 | Reached XP level 16. HP: 122/152 MP: 15/15
 36080 | Shoals:1 | Received a gift from Trog
 36180 | Shoals:1 | Found Qyehig's Assorted Antiques.
 36180 | Shoals:1 | Noticed a kraken
 36197 | Shoals:1 | Killed a kraken
 36409 | Shoals:1 | Noticed a kraken
 36410 | Shoals:1 | Noticed a kraken
 36433 | Shoals:1 | Killed a kraken
 36438 | Shoals:1 | Killed a kraken
 37229 | Shoals:2 | HP: 1/154 [wind drake/the air (16)]
 39355 | Shoals:3 | Found a runed translucent gate.
 39355 | Shoals:3 | Found a runed translucent gate.
 39355 | Shoals:3 | Found a runed translucent gate.
 39355 | Shoals:3 | Noticed feta's ghost (adept TeAE)
 39395 | Shoals:3 | Killed feta's ghost
 39869 | Shoals:3 | Reached skill level 15 in Armour
 40108 | Shoals:3 | Noticed a kraken
 40125 | Shoals:3 | Killed a kraken
 40292 | Shoals:3 | Noticed Polyphemus
 40320 | Shoals:3 | Killed Polyphemus
 40320 | Shoals:3 | Received a gift from Trog
 40460 | Shoals:3 | Reached skill level 15 in Shields
 41208 | Shoals:4 | Entered Level 4 of the Shoals
 41248 | Shoals:4 | HP: 4/232 [alligator snapping turtle (32)]
 41254 | Shoals:4 | Slain by an alligator snapping turtle

Illustrated notes

Levels and vault maps discovered:
D:1:      onia_arrival_pentagram, layout_basic, palyth_stone_intersect
D:2:      layout_loops_ring, elyvilon_altar_5, gammafunk_temple_overflow_statue
D:3:      layout_loops_ring, kennysheep_slug_shrine
D:4:      layout_basic, minmay_temple_entry_mist, serial_shops, shop,
          cheibrodos_sewer_entry_sluice
D:5:      layout_basic, nicolae_overflow_crystal_walls,
          overflow_temple_1_default, uniq_eustachio
D:6:      layout_gridville, grunt_temple_overflow_growth_and_decay,
          vehumet_statue, gammafunk_temple_overflow_arena
D:7:      layout_rooms
D:8:      layout_layer_cave, uniq_maurice
D:9:      layout_loops_cross, uniq_erolcha
D:10:     layout_rooms, david_orc_2, serial_shops, shop, nicolae_blasting_shop,
          chequers_serial_rivers_room_b, uniq_snorg
D:11:     layout_rooms, dpeg_lair_monsters, enter_bailey_2, uniq_sonja
D:12:     layout_roguey
D:13:     layout_basic, enter_trove_6, minivault_4
D:14:     layout_loops_corners, skrybe_vaults_entry_preservation,
          gammafunk_ghost_hydra_chop, uniq_rupert
D:15:     grunt_enter_depths_magical_seal, layout_basic,
          chequers_serial_rivers_large_b
Temple:   compressed_dpeg_circular_temple
Lair:1:   layout_cave_pods, gauntlet_entry_generic,
          chequers_serial_rivers_micro_d, serial_bayou_shore_b,
          grunt_megastairs_3
Lair:2:   layout_gridlike, elwin_shoals_entry_stream,
          guppyfry_snake_entry_island
Lair:3:   layout_misc_corridors, basic_altar, roderic_carrion_pond
Lair:4:   layout_regular_city
Lair:5:   nzn_motion_control, layout_small_grid, minmay_slime_entry_jelly_boxes,
          bobbens_ice_dragon_lair
Lair:6:   guppyfry_lair_end_dragon, layout_gridlike, eino_house_with_fridge,
          grunt_megastairs_5
Shoals:1: layout_shoals, serial_shops, shop, uniq_frances
Shoals:2: layout_shoals
Shoals:3: layout_shoals, ebering_ghost_rock_garden, uniq_polyphemus
Shoals:4: shoals_end_simple, layout_shoals
Orc:1:    layout_caves
Orc:2:    grunt_orc_cross, layout_caves, gammafunk_ghost_grave, bloody_trog

Skill      XL: |  1  2  3  4  5  6  7  8  9 10 11 12 13 14 15 16 |
---------------+-------------------------------------------------+-----
Fighting       | 4 5 6 8 9 11 12 13 15 16 17 | 17.3
Axes           | 4 5 6 7 8 9 11 12 13 15 16 17 | 17.4
Armour         | 3 4 5 7 8 9 11 12 13 14 15 | 15.3
Shields        | 1 2 3 4 6 7 9 11 12 13 14 15 | 15.1
Dodging        | 3 4 5 6 7 9 10 11 12 13 14 | 14.3

Action                   |  1- 3 |  4- 6 |  7- 9 | 10-12 | 13-15 | 16-18 || total
-------------------------+-------+-------+-------+-------+-------+-------++-------
Melee: Hand axe          |    61 |   154 |   232 |       |  1460 |   539 ||  2446
       Headbutt          |     7 |    22 |    61 |    99 |   468 |   157 ||   814
       War axe           |       |       |    47 |       |       |       ||    47
       Morningstar       |       |       |    30 |   493 |   178 |       ||   701
Throw: Dart              |       |       |   149 |   115 |       |       ||   264
       Javelin           |       |       |       |       |    74 |    25 ||    99
Invok: Berserk           |       |     2 |     1 |     9 |    15 |     5 ||    32
       Trog's Hand       |       |       |     1 |     9 |    11 |     6 ||    27
  Use: Scroll            |       |     5 |    11 |     2 |    18 |     3 ||    39
       Potion            |       |       |       |     3 |     4 |     2 ||     9
Armor: Animal skin       |     3 |       |       |       |       |       ||     3
       Chain mail        |    14 |    61 |    93 |   131 |     1 |       ||   300
       Troll leather arm |       |       |       |    13 |       |       ||    13
       Plate armour      |       |       |       |       |   222 |       ||   222
       Ring mail         |       |       |       |       |     1 |       ||     1
       Ice dragon scales |       |       |       |       |   179 |   113 ||   292
Dodge: Dodged            |    50 |    63 |   154 |   380 |   743 |   242 ||  1632
Block: Buckler           |     8 |    18 |    48 |    72 |       |       ||   146
       Kite shield       |       |       |       |   184 |   840 |   448 ||  1472
       Reflection        |       |       |       |       |     9 |    36 ||    45

Table legend: (Time is in decaauts)
 A = Elapsed time spent in this place.
 B = Non-inter-level travel time spent in this place.
 C = Inter-level travel time spent in this place.
 D = Time resting spent in this place.
 E = Time spent auto-exploring this place.
 F = Levels seen in this place.
 G = Mean time per level.
                   A        B        C        D        E       F      G
               +--------+--------+--------+--------+--------+-----+--------+
         Total |  41313 |  40364 |    949 |  11673 |  22390 |  29 | 1424.6 |
       Dungeon |  19324 |  18723 |    601 |   4189 |  11386 |  15 | 1288.3 |
        Temple |      1 |      1 |      0 |      0 |      0 |   1 |    1.0 |
          Lair |   9991 |   9729 |    262 |   3124 |   5505 |   6 | 1665.2 |
        Shoals |   6534 |   6482 |     52 |   1230 |   4194 |   4 | 1633.5 |
  Orcish Mines |   5001 |   4968 |     33 |   3130 |   1023 |   2 | 2500.5 |
         Sewer |    459 |    459 |      0 |      0 |    282 |   1 |  459.0 |
               +--------+--------+--------+--------+--------+-----+--------+

Top non-repeatable levels by time:
   Orc:2: 2555 daAuts
   Orc:1: 2445 daAuts
  Lair:4: 2442 daAuts
  Lair:5: 2426 daAuts
Shoals:1: 2368 daAuts
Shoals:3: 2284 daAuts
    D:10: 2234 daAuts
  Lair:6: 2081 daAuts
     D:9: 1962 daAuts
Shoals:2: 1848 daAuts
     D:1: 1727 daAuts
  Lair:2: 1596 daAuts
    D:14: 1584 daAuts
    D:12: 1575 daAuts
    D:13: 1502 daAuts
